 Dungeon Crawl Stone Soup version 0.27-a0-1188-g73eefd5def (webtiles) character file.

Game seed: 10221317366641744580

10397 siradein the Magus (level 11, -14/87 HPs)
             Began as a Vampire Gladiator on May 20, 2021.
             Was an Elder of Nemelex Xobeh.
             Demolished by a wolf spider simulacrum (32 damage)
             ... in a Gauntlet.
             The game lasted 01:04:55 (10379 turns).

siradein the Magus (Vampire Gladiator)             Turns: 10379, Time: 01:04:56

Health: -14/87     AC:  7    Str: 15    XL:     11   Next: 35%
Magic:  19/19      EV: 12    Int: 12    God:    Nemelex Xobeh [****..]
Gold:   672        SH:  3    Dex: 16    Spells: 10/10 levels left

rFire    . . .     SeeInvis +   E - +1 long sword (drain)
rCold    . . .     Faith    .   H - +0 buckler
rNeg     + . .     Spirit   .   v - +2 robe {rN+}
rPois    .         Reflect  .   c - +0 helmet
rElec    .         Harm     .   g - +0 cloak {Will+}
rCorr    .         Rampage  .   (no gloves)
Will     ++...     NoTele   +   q - +0 pair of boots
Stlth    +++.......             e - amulet of regeneration
HPRegen  1.44/turn              F - ring of Shadows {Umbra +Inv Stlth+}
MPRegen  0.16/turn              (no ring)

@: healing quickly, wreathed by umbra
A: alive, fangs 3, see invisible, vampiric 2
a: Exsanguinate, Renounce Religion, Evoke Invisibility, Draw Escape, Draw
Destruction, Draw Summoning, Triple Draw, Deal Four


You were in a Gauntlet.
You worshipped Nemelex Xobeh.
Nemelex Xobeh was greatly pleased with you.
You visited 1 branch of the dungeon, and saw 11 of its levels.
You also visited: Ossuary and Gauntlet.

You collected 881 gold pieces.
You spent 209 gold pieces at shops.

Inventory:

Hand Weapons
 E - a +1 long sword of draining (weapon)
Missiles
 d - 3 throwing nets
 l - 4 atropa-tipped darts
 t - 55 poisoned darts (quivered)
 C - 2 curare-tipped darts
Armour
 c - a +0 helmet (worn)
 g - a +0 cloak of willpower (worn)
 q - a +0 pair of boots (worn)
 v - a +2 robe of positive energy (worn)
 y - a +2 tower shield
 H - a +0 buckler (worn)
Jewellery
 e - an amulet of regeneration (around neck)
 F - the ring of Shadows (left hand) {Umbra +Inv Stlth+}
   (You found it in a Gauntlet)

   [ring of stealth]

   It lets you turn invisible.
   It makes you more stealthy.
Wands
 a - a wand of polymorph (4)
 h - a wand of acid (7)
 x - a wand of mindburst (6)
 B - a wand of flame (29)
Scrolls
 b - 3 scrolls of noise {unknown}
 i - a scroll of fear {unknown}
 o - a scroll of blinking {unknown}
 s - 3 scrolls of teleportation {unknown}
 u - 3 scrolls of enchant weapon {unknown}
 w - a scroll of acquirement {unknown}
 z - a scroll of summoning {unknown}
 D - a scroll of vulnerability {unknown}
 G - a scroll of fog
Potions
 f - 4 potions of lignification
 j - a potion of haste
 k - 2 potions of brilliance
 m - 2 potions of attraction
 p - 6 potions of curing
 r - 2 potions of degeneration {unknown}
 A - a potion of flight


   Skills:
 - Level 8.8 Fighting
 + Level 10.1 Long Blades
 - Level 1.5 Throwing
 - Level 3.2 Dodging
 * Level 11.0 Invocations


You had 10 spell levels left.
You didn't know any spells.
Your spell library contained the following spells:

 Spells                   Type           Power      Damage    Failure   Level
 Sandblast                Erth           0%         2d4       50%         1
 Sting                    Tmut/Pois      0%         1d3       50%         1
 Passwall                 Tmut/Erth      0%         N/A       63%         2
 Poisonous Vapours        Pois/Air       0%         N/A       63%         2
 Ignite Poison            Fire/Tmut/Pois 0%         N/A       86%         3
 Mephitic Cloud           Conj/Pois/Air  0%         N/A       86%         3
 Stone Arrow              Conj/Erth      0%         3d7       86%         3
 Cause Fear               Hex            0%         N/A       99%         4
 Olgreb's Toxic Radiance  Pois           0%         N/A       99%         4
 Petrify                  Tmut/Erth      0%         N/A       99%         4
 Lee's Rapid Deconstruct  Erth           0%         3d5*      100%        5
 Silence                  Hex/Air        0%         N/A       100%        5
 Yara's Violent Unravell  Hex/Tmut       0%         3d3       100%        5
 Discord                  Hex            0%         N/A       100%        8


Dungeon Overview and Level Annotations

Branches:
Dungeon (11/15)            Temple (0/1) D:4             Orc (0/2) D:10
Ossuary (visited)         Gauntlet (1/1)
   Lair: D:8-11

Altars:
Elyvilon
Nemelex Xobeh
Okawaru
Ru

Shops:
D:2 =((   D:10 ?

Annotations:
D:9 5 runed translucent doors
D:11 3 runed translucent doors, Lucherd's ghost, journeyman TeGl; robertstho's ghost, journeyman DjFE Gauntlet 7 transporters, 2 runed translucent doors


Innate Abilities, Weirdness & Mutations

Your natural rate of healing is accelerated.
You have razor-sharp teeth.
You have supernaturally acute eyesight. (SInv)
You are afflicted with vampirism and can become a bat while bloodless.


Message History

The centaur warrior simulacrum kicks your yaktaur captain but does no damage.
Your yaktaur captain hits the centaur warrior simulacrum.
The centaur warrior simulacrum hits your yaktaur captain but does no damage.
The centaur warrior simulacrum barely misses your yaktaur captain.
Your yaktaur captain hits the centaur warrior simulacrum.
The centaur warrior simulacrum hits your yaktaur captain but does no damage.
The centaur warrior simulacrum kicks your yaktaur captain.
The centaur warrior simulacrum freezes your yaktaur captain!
Your yaktaur captain hits the centaur warrior simulacrum!
The centaur warrior simulacrum vapourises!
The wolf spider simulacrum hits your yaktaur captain!
The wolf spider simulacrum freezes your yaktaur captain!
Your yaktaur captain dies!
Your yaktaur captain's corpse disappears in a puff of smoke!
A wolf spider simulacrum is nearby!
You draw a card...
You have drawn Pain.
Press: ? - help, Shift-Dir - straight line, f - wolf spider simulacrum
Aim: a wolf spider simulacrum (umbra)
Okay, then.
Really abort (and waste the card)?
Aiming: Pain
Press: ? - help, Shift-Dir - straight line, f - wolf spider simulacrum
Aim: a wolf spider simulacrum (umbra)
The wolf spider simulacrum is unaffected.
You draw a card...
You have drawn the Dance.
The deck of cards disappears without a trace.
The wolf spider simulacrum completely misses you. x2
The wolf spider simulacrum hits you!
The wolf spider simulacrum freezes you!!
* * * LOW HITPOINT WARNING * * *
The wolf spider simulacrum misses you.
Your -1 hand axe of venom barely misses the wolf spider simulacrum.
Your -1 hand axe of venom barely misses the ice dragon simulacrum.
The wolf spider simulacrum closely misses you.
The wolf spider simulacrum bites you!
* * * LOW HITPOINT WARNING * * *
The wolf spider simulacrum freezes you!!
You die...
Your body disappears without a glow.

##...#..#...#.#...#...#)...≈Y..
#...#..###########...#########
##.©.#≈.............≈..........
.....#∩............≈8≈.........
##.©.#≈.............≈..........
#...#..###########...#########
##...#..#ZZ.......#...#...'..'.
...8.#..#Z.##.##..#...#...'..'^
##...#..#/##..@##.#####..##''#'
#.8.#..#.#....Z#.#...#..'...'.
#...#..#©...©....#©.©#©.'...#.
#≈8≈#..#"#.....#Z#...#..'...'.
#####..#)##...##.#####[.##''#+
#..#..##.##.(#...#...'..'^
###..#......Z..#.8.#...'..'.
#8#..###########...#########
###.........................


You could see an ice dragon simulacrum and a wolf spider simulacrum.

Vanquished Creatures
  A two-headed ogre (D:6)
  A deep elf pyromancer (D:9)
  A slime creature (Gauntlet)
  A cyclops (D:7)
  Maurice (D:9)
  An unseen horror (D:10)
  Psyche (D:9)
  A hornet (D:9)
  A troll (D:8)
  Sigmund (D:4)
  A wraith (D:9)
  11 yaks
  A fire bat (D:9)
  A wyvern (D:8)
  3 vampire mosquitoes (D:10)
  2 steam dragons (D:9)
  2 wargs
  An acid dragon (D:11)
  A water moccasin (D:8)
  2 orc warriors
  An ice beast (D:6)
  A black bear (D:8)
  4 necrophages
  A sky beast (D:6)
  4 ogres
  3 centaurs
  2 phantoms
  3 kobold brigands
  5 bullfrogs
  3 scorpions
  2 water moccasin zombies (Ossuary)
  5 killer bees (D:7)
  5 howler monkeys
  2 bullfrog zombies
  A centaur zombie (D:9)
  4 jellies
  A centaur skeleton (D:6)
  3 hounds
  2 bullfrog skeletons
  7 orc priests
  Jessica (D:2)
  2 human skeletons (D:7)
  8 orc wizards
  Natasha (thrice) (D:2)
  A killer bee zombie (D:7)
  2 mummies (Ossuary)
  4 gnolls (D:7)
  6 adders
  An ufetubus (D:4)
  7 adder zombies (Ossuary)
  4 worms
  3 dart slugs
  18 orcs
  12 ball pythons
  6 endoplasms
  4 giant cockroaches (D:3)
  9 goblins
  12 hobgoblins
  10 jackals
  18 kobolds
  4 quokkas
  3 bats
  5 frilled lizards
  4 gnoll zombies (Ossuary)
  3 hobgoblin zombies (Ossuary)
  4 kobold zombies (Ossuary)
  3 orc skeletons (D:7)
  8 orc zombies
  9 rats
268 creatures vanquished.

Vanquished Creatures (collateral kills)
  A centaur simulacrum (Gauntlet)
1 creature vanquished.

Vanquished Creatures (others)
  A sky beast (D:6)
1 creature vanquished.

Grand Total: 270 creatures vanquished

Notes
Turn   | Place    | Note
-------+----------+-------------------------------------------
     0 | D:1      | siradein the Vampire Gladiator began the quest for the Orb.
     0 | D:1      | Reached XP level 1. HP: 16/16 MP: 1/1
   133 | D:1      | Reached XP level 2. HP: 22/22 MP: 2/2
   431 | D:1      | Found a faded altar of an unknown god.
   485 | D:1      | Gained mutation: You are afflicted with vampirism and can
                  | become a bat while bloodless. [Vampire growth]
   485 | D:1      | Reached XP level 3. HP: 28/28 MP: 3/3
   982 | D:2      | Noticed Natasha
   995 | D:2      | Killed Natasha
   996 | D:2      | Reached XP level 4. HP: 29/35 MP: 4/4
  1002 | D:2      | Noticed Jessica
  1016 | D:2      | Killed Jessica
  1052 | D:2      | Found Cerib's Antique Weapon Boutique.
  1061 | D:2      | Found Fequd's Weapon Shoppe.
  1267 | D:2      | Found Use Tej's Jewellery Shop.
  1385 | D:2      | Noticed Natasha
  1390 | D:2      | Killed Natasha
  1716 | D:3      | Reached XP level 5. HP: 41/41 MP: 5/5
  1799 | D:3      | Found a sacrificial altar of Ru.
  2113 | D:3      | Found an iron altar of Okawaru.
  2118 | D:3      | Found a sparkling altar of Nemelex Xobeh.
  2126 | D:3      | Became a worshipper of Nemelex Xobeh the Trickster
  2276 | D:4      | Found a staircase to the Ecumenical Temple.
  2512 | D:4      | Reached * piety under Nemelex Xobeh
  2637 | D:4      | Reached skill level 5 in Long Blades
  2714 | D:4      | Reached XP level 6. HP: 32/48 MP: 6/6
  2802 | D:4      | Received a gift from Nemelex Xobeh
  2887 | D:4      | Reached skill level 1 in Invocations
  3040 | D:4      | Noticed Sigmund
  3057 | D:4      | Killed Sigmund
  3058 | D:4      | Reached skill level 2 in Invocations
  3247 | D:5      | Entered Level 5 of the Dungeon
  3287 | D:4      | Reached XP level 7. HP: 37/55 MP: 8/8
  3495 | D:5      | Reached skill level 3 in Invocations
  3760 | D:5      | Reached skill level 5 in Fighting
  3806 | D:6      | Reached ** piety under Nemelex Xobeh
  3806 | D:6      | Noticed a two-headed ogre
  3829 | D:5      | Reached skill level 4 in Invocations
  3896 | D:6      | Reached XP level 8. HP: 62/62 MP: 11/11
  4142 | D:6      | Reached skill level 5 in Invocations
  4594 | D:6      | Killed a two-headed ogre
  4595 | D:6      | Reached skill level 6 in Invocations
  4595 | D:6      | Reached XP level 9. HP: 53/71 MP: 13/13
  4890 | D:6      | Received a gift from Nemelex Xobeh
  5061 | D:7      | Found a sand-covered staircase.
  5072 | D:7      | Reached skill level 7 in Invocations
  5074 | Ossuary  | Entered an ossuary
  5527 | D:7      | Noticed a cyclops
  5548 | D:7      | Killed a cyclops
  5589 | D:7      | Reached skill level 8 in Invocations
  6242 | D:8      | Noticed a troll
  6271 | D:8      | Reached *** piety under Nemelex Xobeh
  6353 | D:8      | Killed a troll
  6354 | D:8      | Reached XP level 10. HP: 52/79 MP: 16/16
  6816 | D:7      | Reached skill level 9 in Invocations
  6933 | D:8      | Received a gift from Nemelex Xobeh
  7744 | D:2      | Noticed Natasha
  7752 | D:2      | Killed Natasha
  7781 | D:2      | Bought a glowing long sword for 143 gold pieces
  7921 | D:9      | Noticed Psyche
  7922 | D:9      | Found the +9 staff of Olgreb {rPois∞}
  7934 | D:9      | Killed Psyche
  7985 | D:9      | Found a runed translucent door.
  8075 | D:9      | Noticed Maurice
  8081 | D:9      | Killed Maurice
  8135 | D:9      | Noticed a deep elf pyromancer
  8147 | D:9      | Killed a deep elf pyromancer
  8148 | D:9      | Reached skill level 10 in Invocations
  8437 | D:9      | Found a runed translucent door.
  8437 | D:9      | Found a runed translucent gate.
  8439 | D:9      | Found a runed translucent gate.
  8448 | D:9      | Found a runed translucent gate.
  8491 | D:10     | Entered Level 10 of the Dungeon
  8491 | D:10     | Received a gift from Nemelex Xobeh
  8689 | D:10     | Reached XP level 11. HP: 70/87 MP: 18/18
  9119 | D:10     | Found a staircase to the Orcish Mines.
  9321 | D:10     | Found Fefacreg's Magic Scroll Boutique.
  9328 | D:10     | Bought a scroll of identify for 22 gold pieces
  9328 | D:10     | Bought a scroll of identify for 22 gold pieces
  9328 | D:10     | Bought a scroll of identify for 22 gold pieces
  9653 | D:10     | Upgraded the game from 0.27-a0-1186-g8b4daa1eef to
                  | 0.27-a0-1188-g73eefd5def
  9710 | D:11     | Received a gift from Nemelex Xobeh
  9748 | D:11     | Found a runed translucent gate.
  9748 | D:11     | Noticed robertstho's ghost (journeyman DjFE)
  9749 | D:11     | Found a runed translucent gate.
  9749 | D:11     | Noticed Lucherd's ghost (journeyman TeGl)
  9822 | D:11     | Found a runed translucent gate.
  9834 | D:11     | Found a gate leading to a gauntlet.
  9843 | Gauntlet | Entered a Gauntlet
  9843 | Gauntlet | Found a transporter.
  9843 | Gauntlet | Found a transporter.
  9843 | Gauntlet | Found a transporter.
  9843 | Gauntlet | Noticed a death scarab
  9844 | Gauntlet | Reached **** piety under Nemelex Xobeh
  9844 | Gauntlet | Found a transporter.
  9847 | Gauntlet | Found a transporter.
  9847 | Gauntlet | Found a transporter.
  9849 | Gauntlet | Found a large runed translucent door.
  9850 | Gauntlet | Found a large runed translucent door.
  9851 | Gauntlet | Found a large runed translucent door.
  9851 | Gauntlet | Found a large runed translucent door.
  9851 | Gauntlet | Found a runed translucent door.
  9851 | Gauntlet | Found a runed translucent door.
  9852 | Gauntlet | Found a large runed translucent door.
  9852 | Gauntlet | Found a large runed translucent door.
  9852 | Gauntlet | Found a large runed translucent door.
  9852 | Gauntlet | Found a large runed translucent door.
  9853 | Gauntlet | Found a large runed translucent door.
  9853 | Gauntlet | Found a large runed translucent door.
  9854 | Gauntlet | Found a large runed translucent door.
  9854 | Gauntlet | Found a large runed translucent door.
  9855 | Gauntlet | Found a runed translucent gate.
  9855 | Gauntlet | Found a runed translucent gate.
  9855 | Gauntlet | Found a runed translucent gate.
  9857 | Gauntlet | Found a transporter.
  9858 | Gauntlet | Found the ring of Shadows {Umbra +Inv Stlth+}
  9861 | Gauntlet | Found a transporter.
  9867 | Gauntlet | Noticed a catoblepas
  9871 | Gauntlet | Found a transporter.
  9902 | Gauntlet | Found a large runed translucent door.
  9902 | Gauntlet | Found a large runed translucent door.
  9905 | Gauntlet | Found a large runed translucent door.
  9905 | Gauntlet | Found a large runed translucent door.
  9947 | Gauntlet | Noticed a death drake
  9971 | Gauntlet | Found a transporter.
  9975 | Gauntlet | Found a transporter.
  9990 | Gauntlet | Found a transporter.
 10149 | Gauntlet | Noticed an orb spider
 10153 | Gauntlet | Noticed a deep troll
 10154 | Gauntlet | Noticed an ice dragon
 10154 | Gauntlet | a deep troll changed into an ice dragon
 10161 | Gauntlet | Noticed a fire crab
 10161 | Gauntlet | an orb spider changed into a fire crab
 10162 | Gauntlet | Noticed a boulder beetle
 10162 | Gauntlet | an ice dragon changed into a boulder beetle
 10242 | Gauntlet | Reached skill level 10 in Long Blades
 10334 | Gauntlet | Reached skill level 11 in Invocations
 10379 | Gauntlet | Demolished by a wolf spider simulacrum

Illustrated notes

Levels and vault maps discovered:
D:1:      minmay_arrival_stair_chambers, layout_loops_ring,
          hellmonk_ecumenical_altar_inner_sanctum, serial_forest,
          infiniplex_forest_lined_2, nrook_campfire, st_stairs_9
D:2:      layout_basic, serial_shops, shop, nicolae_shop_trees, shop,
          minmay_misc_feat_nine_boxes, uniq_jessica, uniq_natasha
D:3:      layout_rooms, gammafunk_temple_overflow_forgotten,
          nicolae_ru_great_annihilating_truth
D:4:      layout_gridville, temple_pool_b, minmay_distorted, uniq_sigmund
D:5:      layout_rooms
D:6:      layout_loops_cross
D:7:      layout_basic, nicolae_ossuary_entry_catacombs,
          minmay_fractal_squares_5
D:8:      layout_cave_pools
D:9:      layout_roguey, nrook_loot_triangle,
          minmay_guarded_unrand_staff_of_olgreb, uniq_maurice, uniq_psyche
D:10:     layout_loops_ring, erik_orc_3, serial_shops, nicolae_shop_crystal,
          chequers_mini_garden
D:11:     layout_long_grid, erik_lair_orcish_takeover, gammafunk_ghost_cemetery,
          gauntlet_entry_generic
Gauntlet: gammafunk_gauntlet_hard_choice [nicolae_gauntlet_arena_t_cross,
          gammafunk_gauntlet_arena_grid, nicolae_gauntlet_arena_flowing_pool,
          minmay_gauntlet_arena_make_your_own_arena,
          gammafunk_gauntlet_arena_chambers,
          gammafunk_gauntlet_arena_split_diamond, gauntlet_exit_watery]

Skill      XL: |  1  2  3  4  5  6  7  8  9 10 11 |
---------------+----------------------------------+-----
Fighting       | 2 3 4 5 6 7 8 |  8.8
Long Blades    | 4 5 6 7 8 9 10 | 10.1
Invocations    | 2 4 6 8 10 11 | 11.0
Throwing       | |  1.5
Dodging        | |  3.2

Action                   |  1- 3 |  4- 6 |  7- 9 | 10-12 || total
-------------------------+-------+-------+-------+-------++-------
Melee: Long sword        |    79 |   190 |   426 |   415 ||  1110
       Bite              |     9 |    34 |    72 |    58 ||   173
Throw: Dart              |       |       |    29 |    18 ||    47
Invok: Draw Destruction  |       |     2 |     5 |    17 ||    24
       Draw Escape       |       |       |       |     3 ||     3
       Draw Summoning    |       |       |       |     2 ||     2
 Abil: Exsanguinate      |       |       |     1 |       ||     1
       Revivify          |       |       |     1 |       ||     1
Evoke: Wand              |       |       |       |     2 ||     2
  Use: Scroll            |       |       |     6 |     4 ||    10
       Potion            |       |       |     2 |     4 ||     6
 Stab: Sleeping          |     2 |       |     5 |       ||     7
       Distracted        |       |     1 |       |       ||     1
       Paralysed         |       |     2 |       |       ||     2
       Invisible         |       |       |     3 |       ||     3
Armor: Leather armour    |    18 |    49 |       |       ||    67
       Robe              |       |     3 |   121 |   119 ||   243
Dodge: Dodged            |    55 |   128 |   292 |   254 ||   729
Block: Tower shield      |       |       |       |    10 ||    10
       Buckler           |       |       |       |    25 ||    25
       Rpst.: Long sword |    14 |    40 |    83 |    74 ||   211

Table legend: (Time is in decaauts)
 A = Elapsed time spent in this place.
 B = Non-inter-level travel time spent in this place.
 C = Inter-level travel time spent in this place.
 D = Time resting spent in this place.
 E = Time spent auto-exploring this place.
 F = Levels seen in this place.
 G = Mean time per level.
                   A        B        C        D        E       F      G
               +--------+--------+--------+--------+--------+-----+--------+
         Total |  10450 |   9830 |    620 |    266 |   6246 |  13 |  803.8 |
       Dungeon |   9739 |   9119 |    620 |    266 |   6007 |  11 |  885.4 |
       Ossuary |    196 |    196 |      0 |      0 |     76 |   1 |  196.0 |
      Gauntlet |    514 |    514 |      0 |      0 |    163 |   1 |  514.0 |
               +--------+--------+--------+--------+--------+-----+--------+

Top non-repeatable levels by time:
     D:6: 1275 daAuts
     D:8: 1190 daAuts
    D:10: 1115 daAuts
     D:4: 1113 daAuts
     D:7: 1080 daAuts
     D:2: 1053 daAuts
     D:9: 832 daAuts
     D:1: 802 daAuts
     D:5: 579 daAuts
     D:3: 563 daAuts
Gauntlet: 514 daAuts
 Ossuary: 196 daAuts
    D:11: 132 daAuts
